 Dungeon Crawl Stone Soup version 0.22.0-49-gab54619 (webtiles) character file.

1324 wilfster70 the Thaumaturge (level 8, -9/58 HPs)
             Began as a Gnoll Wizard on Sept 5, 2018.
             Was a Follower of Ashenzari.
             Shot with an arrow by a centaur (15 damage)
             ... on level 6 of the Dungeon.
             The game lasted 00:30:09 (7115 turns).

wilfster70 the Thaumaturge (Gnoll Wizard)           Turns: 7115, Time: 00:30:09

Health: -9/58      AC:  3    Str:  9    XL:     8   Next: 60%
Magic:  11/20      EV: 15    Int: 23    God:    Ashenzari [*.....]
Gold:   228        SH:  5    Dex: 14    Spells: 12/23 levels left

rFire    + . .     SeeInvis +   a - +2 dagger (venom) (curse)
rCold    . . .     Gourm    .   y - +0 buckler (curse)
rNeg     . . .     Faith    .   f - +0 robe
rPois    .         Spirit   .   n - +0 helmet (curse)
rElec    .         Reflect  .   (no cloak)
rCorr    .         Harm     .   (no gloves)
MR       .....                  (no boots)
Stlth    +++.......             (no amulet)
HPRegen  0.19/turn              i - ring of see invisible
MPRegen  0.17/turn              b - ring of protection from fire

@: no status effects
A: distributed training, fangs 1, strong nose
a: Curse Item, Scrying, Renounce Religion


You were on level 6 of the Dungeon.
You worshipped Ashenzari.
Ashenzari was aware of your devotion.
You were not hungry.

You visited 2 branches of the dungeon, and saw 7 of its levels.

You collected 228 gold pieces.

Inventory:

Hand Weapons
 a - a cursed +2 dagger of venom (weapon)
Missiles
 g - 125 stones (quivered)
 v - 28 sling bullets
Armour
 f - a +0 robe (worn)
 n - a cursed +0 helmet (worn)
 y - a cursed +0 buckler (worn)
Jewellery
 b - a ring of protection from fire (right hand)
 i - a ring of see invisible (left hand)
Wands
 x - a wand of disintegration (12)
 B - a wand of flame (7)
 C - a wand of acid (9)
Scrolls
 c - 2 scrolls of blinking
 k - 2 scrolls of identify
 q - 2 scrolls of teleportation
 r - 2 scrolls of fear
Potions
 e - a potion of ambrosia
 j - 3 potions of heal wounds
 l - a potion of haste
 o - a potion of mutation
 s - a potion of brilliance
 t - a potion of lignification
 u - 2 potions of might
 z - a potion of berserk rage
Comestibles
 d - 13 rations
 A - 12 chunks of flesh


   Skills:
 + Level 3.3 Fighting
 + Level 3.3 Short Blades
 + Level 3.3 Long Blades
 + Level 3.3 Axes
 + Level 3.3 Maces & Flails
 + Level 3.3 Polearms
 + Level 3.3 Staves
 + Level 3.3 Slings
 + Level 3.3 Bows
 + Level 3.3 Crossbows
 + Level 3.3 Throwing
 + Level 3.3 Armour
 + Level 5.7 Dodging
 + Level 5.4 Stealth
 + Level 3.3 Shields
 + Level 3.3 Unarmed Combat
 + Level 8.0 Spellcasting
 + Level 3.5 Conjurations
 + Level 2.7 Hexes
 + Level 2.7 Charms
 + Level 3.5 Summonings
 + Level 2.7 Necromancy
 + Level 3.5 Translocations
 + Level 2.7 Transmutations
 + Level 2.7 Fire Magic
 + Level 2.7 Ice Magic
 + Level 2.7 Air Magic
 + Level 2.7 Earth Magic
 + Level 2.7 Poison Magic
 + Level 3.7 Invocations
 + Level 3.3 Evocations


You had 12 spell levels left.
You knew the following spells:

 Your Spells              Type           Power        Failure   Level  Hunger
a - Magic Dart            Conj           ####         1%          1    None
b - Call Imp              Summ           ####....     2%          2    None
c - Conjure Flame         Conj/Fire      ###.....     6%          3    None
d - Mephitic Cloud        Conj/Pois/Air  ###.....     6%          3    None
g - Blink                 Tloc           N/A          2%          2    None

Your spell library contained the following spells:

 Spells                   Type           Power        Failure   Level  Hunger
 Slow                     Hex            ###.....     3%          2    None


Dungeon Overview and Level Annotations

Branches:
Dungeon (6/15)             Temple (1/1) D:4

Altars:
Ashenzari
Cheibriados
Dithmenos
Elyvilon
Fedhas
Gozag
Kikubaaqudgha
Nemelex Xobeh
Okawaru
Qazlal
Ru
Sif Muna
Trog
Vehumet
Wu Jian
Yredelemnul
Zin
The Shining One


Innate Abilities, Weirdness & Mutations

Your experience applies equally to all skills.
You have very sharp teeth.
Your uncanny sense of smell can sniff out nearby items.


Message History

You swap places.
A centaur comes into view.
The bullfrog zombie misses your crimson imp.
The ice beast barely misses your crimson imp.
Your iron imp closely misses the ice beast.
Your crimson imp hits the bullfrog zombie.
Your crimson imp hits the ice beast but does no damage.
The centaur wields a shortbow.
The centaur shoots an arrow.
The arrow hits you!
* * * LOW HITPOINT WARNING * * *
The bullfrog zombie closely misses your crimson imp.
The ice beast misses your crimson imp.
Your iron imp misses the ice beast.
The centaur shoots an arrow.
The arrow hits you.
* * * LOW HITPOINT WARNING * * *
The bullfrog zombie hits your crimson imp but does no damage.
Your crimson imp blinks! x2
You see here 2 arrows.
The centaur shoots an arrow.
The arrow hits you.
* * * LOW HITPOINT WARNING * * *
The centaur shoots an arrow.
The arrow hits you!
You die...

..............####
.........c..#Z...###
............####...#
...............#...#
................5.<###
...............Z...5.#
..............(Y#....#
................#5...#
..#.............@....##
....# #...............##
.#### #................##
## #................# #
#................#
##.........[......#
#######..#####..........#
............##......[...#
#...........###.....<..##


You could see an ice beast, a centaur, a bullfrog zombie, a friendly iron imp
and a friendly crimson imp.

Vanquished Creatures
  A hungry ghost (D:4)
  2 phantoms
  4 ogres
  A centaur (D:4)
  A scorpion (D:5)
  A howler monkey (D:5)
  2 crimson imps (D:5)
  4 orc wizards
  Natasha (thrice) (D:4)
  5 worker ants
  A hound skeleton (D:4)
  5 adders
  A shadow imp (D:5)
  An ooze (D:3)
  An adder zombie (D:5)
  An adder skeleton (D:4)
  4 worms
  2 dart slugs (D:1)
  3 leopard geckos
  11 orcs
  6 giant cockroaches
  6 hobgoblins
  5 jackals
  5 quokkas
  6 bats
  2 frilled lizards (D:2)
  6 goblins
  7 kobolds
  2 leopard gecko skeletons
  2 quokka skeletons
  6 rats
107 creatures vanquished.

Vanquished Creatures (others)
  An iguana (D:4)
1 creature vanquished.

Grand Total: 108 creatures vanquished

Notes
Turn   | Place    | Note
-------+----------+-------------------------------------------
     0 | D:1      | wilfster70 the Gnoll Wizard began the quest for the Orb.
     0 | D:1      | Reached XP level 1. HP: 13/13 MP: 8/8
   190 | D:1      | Reached XP level 2. HP: 19/19 MP: 1/10
   443 | D:1      | Learned a level 2 spell: Call Imp
   446 | D:1      | Learned a level 2 spell: Blink
   883 | D:1      | Reached XP level 3. HP: 25/25 MP: 8/11
   911 | D:1      | Learned a level 3 spell: Conjure Flame
   915 | D:1      | Learned a level 3 spell: Mephitic Cloud
  1043 | D:2      | Found a sacrificial altar of Ru.
  1233 | D:2      | Reached skill level 1 in Invocations
  1250 | D:2      | Found a glowing silver altar of Zin.
  1536 | D:2      | Found a basalt altar of Yredelemnul.
  1629 | D:2      | Reached skill level 1 in Fighting
  1629 | D:2      | Reached skill level 1 in Short Blades
  1629 | D:2      | Reached skill level 1 in Long Blades
  1629 | D:2      | Reached skill level 1 in Axes
  1629 | D:2      | Reached skill level 1 in Maces & Flails
  1629 | D:2      | Reached skill level 1 in Polearms
  1629 | D:2      | Reached skill level 1 in Staves
  1629 | D:2      | Reached skill level 1 in Slings
  1629 | D:2      | Reached skill level 1 in Bows
  1629 | D:2      | Reached skill level 1 in Crossbows
  1629 | D:2      | Reached skill level 1 in Throwing
  1629 | D:2      | Reached skill level 1 in Armour
  1629 | D:2      | Reached skill level 1 in Shields
  1629 | D:2      | Reached skill level 1 in Unarmed Combat
  1629 | D:2      | Reached skill level 1 in Evocations
  1670 | D:2      | Reached XP level 4. HP: 20/32 MP: 5/13
  2320 | D:3      | Found a sparkling altar of Nemelex Xobeh.
  2460 | D:3      | Noticed a phantom
  2503 | D:3      | Killed a phantom
  2503 | D:3      | Reached skill level 1 in Hexes
  2503 | D:3      | Reached skill level 1 in Charms
  2503 | D:3      | Reached skill level 1 in Necromancy
  2503 | D:3      | Reached skill level 1 in Transmutations
  2503 | D:3      | Reached skill level 1 in Fire Magic
  2503 | D:3      | Reached skill level 1 in Ice Magic
  2503 | D:3      | Reached skill level 1 in Air Magic
  2503 | D:3      | Reached skill level 1 in Earth Magic
  2503 | D:3      | Reached skill level 1 in Poison Magic
  2503 | D:3      | Reached XP level 5. HP: 14/37 MP: 4/14
  2771 | D:3      | Found an ancient bone altar of Kikubaaqudgha.
  3196 | D:4      | Found a staircase to the Ecumenical Temple.
  3205 | Temple   | Entered the Ecumenical Temple
  3254 | Temple   | Became a worshipper of Ashenzari the Shackled
  3424 | D:4      | Noticed an ogre
  3446 | D:4      | Killed an ogre
  3446 | D:4      | Reached XP level 6. HP: 31/44 MP: 14/16
  3820 | D:4      | Noticed Natasha
  3831 | D:4      | Killed Natasha
  3831 | D:4      | Reached skill level 5 in Dodging
  3887 | D:4      | Noticed a hungry ghost
  3913 | D:4      | Killed a hungry ghost
  3913 | D:4      | Reached XP level 7. HP: 50/50 MP: 2/18
  4260 | D:4      | Found an ancient bone altar of Kikubaaqudgha.
  4401 | D:4      | Noticed Natasha
  4405 | D:4      | Killed Natasha
  4475 | D:4      | Found an iron altar of Okawaru.
  4955 | D:4      | Noticed Natasha
  4973 | D:4      | Killed Natasha
  4973 | D:4      | Reached skill level 5 in Stealth
  5092 | D:5      | Entered Level 5 of the Dungeon
  5226 | D:5      | Found an opulent altar of Gozag.
  5226 | D:5      | Found a shadowy altar of Dithmenos.
  5436 | D:5      | Reached XP level 8. HP: 55/57 MP: 15/19
  5472 | D:5      | Found a sparkling altar of Nemelex Xobeh.
  6217 | D:5      | Reached * piety under Ashenzari
  6913 | D:5      | Reached skill level 8 in Spellcasting
  7115 | D:6      | Shot with an arrow by a centaur

Skill      XL: |  1  2  3  4  5  6  7  8 |
---------------+-------------------------+-----
Conjurations   | 2 3 |  3.5
Summonings     | 2 3 |  3.5
Translocations | 2 3 |  3.5
Invocations    | 1 2 3 |  3.7
Fighting       | 1 2 3 |  3.3
Short Blades   | 1 2 3 |  3.3
Long Blades    | 1 2 3 |  3.3
Axes           | 1 2 3 |  3.3
Maces & Flails | 1 2 3 |  3.3
Polearms       | 1 2 3 |  3.3
Staves         | 1 2 3 |  3.3
Slings         | 1 2 3 |  3.3
Bows           | 1 2 3 |  3.3
Crossbows      | 1 2 3 |  3.3
Throwing       | 1 2 3 |  3.3
Armour         | 1 2 3 |  3.3
Shields        | 1 2 3 |  3.3
Unarmed Combat | 1 2 3 |  3.3
Evocations     | 1 2 3 |  3.3
Hexes          | 1 2 |  2.7
Charms         | 1 2 |  2.7
Necromancy     | 1 2 |  2.7
Transmutations | 1 2 |  2.7
Fire Magic     | 1 2 |  2.7
Ice Magic      | 1 2 |  2.7
Air Magic      | 1 2 |  2.7
Earth Magic    | 1 2 |  2.7
Poison Magic   | 1 2 |  2.7
Dodging        | 5 |  5.7
Stealth        | 5 |  5.4
Spellcasting   | 8 |  8.0

Action                   |  1- 3 |  4- 6 |  7- 9 || total
-------------------------+-------+-------+-------++-------
Melee: Dagger            |    13 |    18 |    28 ||    59
       Bite              |       |     2 |     4 ||     6
       Punch             |       |     1 |       ||     1
 Fire: Hunting sling     |       |    10 |       ||    10
Throw: Stone             |       |       |     2 ||     2
 Cast: Magic Dart        |    84 |    83 |   208 ||   375
       Conjure Flame     |       |     2 |     1 ||     3
       Mephitic Cloud    |       |     1 |     1 ||     2
       Blink             |       |     1 |       ||     1
       Call Imp          |       |       |     3 ||     3
Invok: Curse Item        |       |     1 |     2 ||     3
  Use: Scroll            |     1 |     8 |     9 ||    18
       Potion            |       |     1 |       ||     1
 Stab: Sleeping          |     1 |       |       ||     1
       Distracted        |       |       |     1 ||     1
  Eat: Chunk             |     2 |     7 |    10 ||    19
Armor: Robe              |     9 |     6 |    13 ||    28
Dodge: Dodged            |    67 |    47 |   110 ||   224
Block: Buckler           |       |       |    14 ||    14
